 Dungeon Crawl Stone Soup version 0.29-a0-555-g3b24f45cc1 (webtiles) character file.

Game seed: 6777906183719076767

12590 stabb the Thaumaturge (level 11, -9/73 HPs)
             Began as a Demonspawn Fire Elementalist on June 8, 2022.
             Was a Priest of Vehumet.
             Mangled by a yak (10 damage)
             ... led by a torpor snail
             ... on level 2 of the Lair of Beasts.
             The game lasted 01:06:03 (12526 turns).

stabb the Thaumaturge (DsFE)                       Turns: 12526, Time: 01:06:04

Health: -9/73      AC:  8    Str: 11    XL:     11   Next: 64%
Magic:  35/35      EV: 15    Int: 20    God:    Vehumet [***...]
Gold:   628        SH:  0    Dex: 14    Spells: 17/32 levels left

rFire   . . .      SeeInvis .   A - +0 shortbow (flame)
rCold   + . .      Faith    .   (shield currently unavailable)
rNeg    . . .      Spirit   .   v - +1 acid dragon scales
rPois   .          Reflect  .   D - +2 hat
rElec   .          Harm     .   (no cloak)
rCorr   +          Rampage  .   (no gloves)
Will    .....                   h - +0 pair of boots
Stlth   ++........              (no amulet)
HPRegen 0.22/turn               j - ring of magical power
MPRegen 0.24/turn               d - ring of protection from cold

@: invisible
A: claws 2, repulsion field 2, powered by death 1, spiny 2, deformed body,
strong 1
a: Renounce Religion


You were on level 2 of the Lair of Beasts.
You worshipped Vehumet.
Vehumet was most pleased with you.
You visited 3 branches of the dungeon, and saw 12 of its levels.

You collected 709 gold pieces.
You spent 81 gold pieces at shops.

Inventory:

Hand Weapons
 t - a +0 hunting sling of freezing
 A - a +0 shortbow of flaming (weapon)
Missiles
 g - 134 stones
 x - 2 throwing nets
Armour
 h - a +0 pair of boots (worn)
 v - +1 acid dragon scales (worn)
 B - +0 steam dragon scales
 D - a +2 hat (worn)
Jewellery
 d - a ring of protection from cold (right claw)
 j - a ring of magical power (left claw)
 m - a ring of positive energy
 r - a ring of resist corrosion
 u - a +6 ring of strength
 F - a ring of ice
Wands
 b - a wand of paralysis (11)
 e - a wand of acid (30)
 l - a wand of flame (59)
 o - a wand of digging (6)
 z - a wand of iceblast (5)
Scrolls
 n - a scroll of fog
 p - a scroll of silence
 y - a scroll of brand weapon
Potions
 a - a potion of ambrosia
 f - 4 potions of invisibility
 k - 2 potions of brilliance
 q - 2 potions of resistance
 C - a potion of flight
Miscellaneous
 s - a tin of tremorstones (1/2)


   Skills:
 + Level 2.4 Fighting
 + Level 4.5 Slings
 + Level 1.5 Bows
 + Level 3.6 Armour
 + Level 3.4 Dodging
 + Level 2.9 Stealth
 + Level 11.0 Spellcasting
 + Level 4.3 Conjurations
 + Level 1.1 Hexes
 + Level 10.5 Fire Magic
 + Level 0.5 Evocations


You had 17 spell levels left.
You knew the following spells:

 Your Spells              Type           Power      Damage    Failure   Level
a - Foxfire               Conj/Fire      100%       2x1d9     1%          1
b - Scorch                Fire           100%       2d10      1%          2
c - Slow                  Hex            60%        N/A       6%          1
d - Conjure Flame         Conj/Fire      40%        6-21      1%          3
e - Flame Wave            Conj/Fire      40%        2d9       1%          4
f - Sandblast             Erth           22%        2d7       2%          1
g - Shock                 Conj/Air       76%        1d7       1%          1
h - Searing Ray           Conj           56%        2d6       1%          2

Your spell library contained the following spells:

 Spells                   Type           Power      Damage    Failure   Level
 Sticky Flame             Conj/Fire      40%        2d6       1%          4
 Inner Flame              Hex/Fire       34%        N/A       1%          3
 Stone Arrow              Conj/Erth      38%        3d9       3%          3
 Necrotize                Necr           44%        1d6       10%         1
 Passwall                 Tmut/Erth      9%         N/A       14%         2
 Confusing Touch          Hex            15%        N/A       19%         3
 Portal Projectile        Hex/Tloc       26%        N/A       22%         3
 Call Canine Familiar     Summ           11%        N/A       28%         3
 Gell's Gravitas          Tloc           11%        N/A       28%         3
 Lesser Beckoning         Tloc           11%        N/A       28%         3
 Teleport Other           Tloc           11%        N/A       28%         3
 Vampiric Draining        Necr           11%        2d6       28%         3
 Leda's Liquefaction      Hex/Erth       6%         N/A       58%         4
 Agony                    Necr           11%        N/A       95%         5


Dungeon Overview and Level Annotations

Branches:
Dungeon (9/15)             Temple (1/1) D:6            Lair (2/6) D:9
    Orc (0/2) D:9
  Swamp: Lair:2-4    Shoals: Lair:2-4     Snake: Lair:2-4    Spider: Lair:2-4

Altars:
Ashenzari
Fedhas
Kikubaaqudgha
Makhleb
Nemelex Xobeh
Okawaru
Qazlal
Sif Muna
Trog
Vehumet
Xom
Zin

Shops:
D:7 ::(*   D:8 ?

Annotations:
Lair:1 exclusion: oklob plant


Innate Abilities, Weirdness & Mutations

You have very sharp fingernails.
You are surrounded by a moderate repulsion field. (EV +3)
You regenerate a little health from kills.
You are mostly covered in sharp spines.
Armour fits poorly on your strangely shaped body.
Your muscles are strong. (Str +2)


Message History

* * * LOW HITPOINT WARNING * * *
Aiming: Paralyse
Press: ? - help, Shift-Dir - straight line, f - yak
Aim: a yak (almost dead, chance to affect: 50%)
The yak suddenly stops moving!
The wolf misses you. The wolf attacks as you move away!
The wolf is struck by your spines. The wolf bites you but does no damage.
The wolf bites you!
* * * LOW HITPOINT WARNING * * *
Okay, then.
Okay, then.
Casting: Flame Wave (dangerous; 1% risk of failure)
Confirm with . or Enter, or press ? or * to list all spells.
Okay, then.
Casting: Flame Wave (dangerous; 1% risk of failure)
Confirm with . or Enter, or press ? or * to list all spells.
Okay, then.
Okay, then.
Okay, then.
Okay, then.
The tremorstone explodes into fragments!
The burst of rock shards engulfs the torpor snail!
You hear a bellow!
You hear a howl!
You hear an angry hiss.
You hear a howl! x2
The wolf bites you but does no damage. The wolf closely misses you.
The yak closely misses you. The wolf is struck by your spines.
You kill the wolf!
Vehumet accepts your kill.
You hear an angry hiss.
A wolf comes into view.
A nearby fungus withers and dies.
A wolf comes into view.
The yak closely misses you.
Okay, then.
As you read the scroll of fog, it crumbles to dust.
The scroll dissolves into smoke.
The yak gores you.
* * * LOW HITPOINT WARNING * * *
The wolf bites you but does no damage.
You fade into invisibility!
You feel yourself speed up. The wolf is struck by your spines.
The wolf barely misses you. The yak gores you!
You die...

#....# ####....#
###.##..#.###
###....†....Y.# # .
##P#....†.......# # ..h
#..Y...........####
....##§.#§...[......###.
.....§h#Y§...Y...Y..##.#
.....§h@#...............
....#####...........+.##
....# #...........# #
.....# ###..P##.### # .
#..###P.#.P#...#
#..........# #
##P..#..##.# ##
#..######## ##P######
##.######.###


You could see a yak (can't see you) and 2 wolves.

Vanquished Creatures
  A hydra (Lair:1)
  A two-headed ogre (D:9)
  The ghost of blade888 the Firebug, a novice GnFE of the Shining One (D:5)
  A black mamba (Lair:2)
  6 cane toads
  A gargoyle (D:8)
  A komodo dragon (Lair:1)
  A troll (D:9)
  Grinder (D:5)
  5 blink frogs (Lair:1)
  Sigmund (D:5)
  11 yaks
  2 wyverns
  2 steam dragons
  An acid dragon (D:7)
  9 water moccasins
  2 orc warriors
  2 ice beasts
  A black bear (D:4)
  An ogre (D:6)
  2 centaurs
  7 wolves
  5 bullfrogs
  3 scorpions
  11 killer bees
  7 electric eels
  2 howler monkeys
  3 vampire bats (D:8)
  2 bullfrog zombies (D:5)
  3 hounds
  4 gnoll shamans
  3 jellies
  3 orc priests
  3 iguanas
  5 orc wizards
  13 gnolls
  10 adders
  A shadow imp (D:5)
  3 white imps
  An ufetubus (D:4)
  4 worms
  3 dart slugs
  17 orcs
  3 bats
  3 bat skeletons (D:8)
  4 bat zombies (D:8)
  5 endoplasms
  5 giant cockroaches
  9 goblins
  8 hobgoblins
  4 jackals (D:5)
  6 quokkas
  7 ball pythons
  4 frilled lizards
  7 kobolds
  7 rats
238 creatures vanquished.

Vanquished Creatures (collateral kills)
  2 foxfires
2 creatures vanquished.

Vanquished Creatures (others)
  2 bushes (Lair:2)
  324 foxfires
  7 fungi (Lair:2)
  12 plants
345 creatures vanquished.

Grand Total: 585 creatures vanquished

Notes
Turn   | Place    | Note
-------+----------+-------------------------------------------
     0 | D:1      | stabb the Demonspawn Fire Elementalist began the quest for
                  | the Orb.
     0 | D:1      | Reached XP level 1. HP: 13/13 MP: 3/3
   157 | D:1      | Gained mutation: You are partially covered in sharp spines.
                  | [demonic ancestry]
   157 | D:1      | Reached XP level 2. HP: 19/19 MP: 1/5
   165 | D:1      | Learned a level 2 spell: Scorch
  1104 | D:2      | Reached XP level 3. HP: 24/24 MP: 1/6
  1175 | D:2      | Gained mutation: Armour fits poorly on your strangely
                  | shaped body. [potion of mutation]
  1175 | D:2      | Gained mutation: Your muscles are strong. (Str +2) [potion
                  | of mutation]
  2050 | D:3      | Reached skill level 1 in Slings
  2050 | D:3      | Reached XP level 4. HP: 30/30 MP: 4/7
  2191 | D:3      | Found a blossoming altar of Fedhas.
  2431 | D:3      | Found a bloodstained altar of Trog.
  2451 | D:3      | Learned a level 1 spell: Slow
  2455 | D:3      | Learned a level 3 spell: Conjure Flame
  2764 | D:3      | Reached skill level 3 in Spellcasting
  2805 | D:3      | Gained mutation: You are surrounded by a mild repulsion
                  | field. (EV +2) [demonic ancestry]
  2805 | D:3      | Reached XP level 5. HP: 36/36 MP: 0/9
  3325 | D:4      | Noticed a black bear
  3331 | D:4      | Killed a black bear
  3332 | D:4      | Reached skill level 1 in Fighting
  3641 | D:4      | Reached XP level 6. HP: 43/43 MP: 3/11
  4078 | D:5      | Entered Level 5 of the Dungeon
  4272 | D:5      | Noticed Sigmund
  4279 | D:5      | Killed Sigmund
  4280 | D:5      | Reached skill level 4 in Spellcasting
  4280 | D:5      | Reached skill level 5 in Fire Magic
  4280 | D:5      | Gained mutation: You are mostly covered in sharp spines.
                  | [demonic ancestry]
  4280 | D:5      | Reached XP level 7. HP: 48/48 MP: 11/13
  4653 | D:5      | Found a runed translucent gate.
  4653 | D:5      | Found a runed translucent gate.
  4653 | D:5      | Found a runed translucent gate.
  4654 | D:5      | Noticed blade888's ghost (novice GnFE)
  4679 | D:5      | Learned a level 4 spell: Flame Wave
  4801 | D:5      | Noticed Grinder
  4806 | D:5      | Killed Grinder
  4807 | D:5      | Reached skill level 5 in Spellcasting
  4815 | D:5      | Learned a level 1 spell: Sandblast
  5574 | D:5      | Killed blade888's ghost
  5575 | D:5      | Gained mutation: You have sharp fingernails. [demonic
                  | ancestry]
  5575 | D:5      | Reached XP level 8. HP: 41/56 MP: 14/16
  5599 | D:6      | Reached skill level 6 in Spellcasting
  6314 | D:6      | Found a staircase to the Ecumenical Temple.
  6388 | Temple   | Entered the Ecumenical Temple
  6408 | Temple   | Became a worshipper of Vehumet
  6696 | D:7      | Found Watobogi's Book Boutique.
  6838 | D:7      | Gained mutation: You regenerate a little health from kills.
                  | [demonic ancestry]
  6838 | D:7      | Reached XP level 9. HP: 52/61 MP: 19/19
  6892 | D:7      | Found Osucobos's General Store.
  6910 | D:7      | Bought a scroll of identify for 30 gold pieces
  6971 | D:7      | Found Nowihoe's Weapon Shop.
  6979 | D:7      | Bought a +0 hunting sling of freezing for 51 gold pieces
  7254 | D:7      | Reached skill level 7 in Spellcasting
  7468 | D:7      | Reached * piety under Vehumet
  7468 | D:7      | Offered knowledge of Shock by Vehumet.
  7484 | D:7      | Learned a level 1 spell: Shock
  7640 | D:7      | Found Vainiun's Book Emporium.
  8181 | D:8      | Found an ancient bone altar of Kikubaaqudgha.
  8368 | D:8      | Reached skill level 1 in Armour
  8608 | D:8      | Found Vafo's Magic Scroll Emporium.
  8830 | D:8      | Offered knowledge of Searing Ray by Vehumet.
  9082 | D:8      | Reached ** piety under Vehumet
  9083 | D:8      | Reached skill level 8 in Spellcasting
  9132 | D:8      | Noticed a gargoyle
  9139 | D:8      | Killed a gargoyle
  9220 | D:8      | Gained mutation: You are surrounded by a moderate repulsion
                  | field. (EV +3) [demonic ancestry]
  9220 | D:8      | Reached XP level 10. HP: 63/67 MP: 22/22
  9583 | D:9      | Learned a level 2 spell: Searing Ray
  9588 | D:9      | Found a staircase to the Orcish Mines.
  9617 | D:9      | Reached skill level 1 in Bows
  9617 | D:9      | Offered knowledge of Poisonous Vapours by Vehumet.
  9618 | D:9      | Reached skill level 9 in Spellcasting
  9732 | D:9      | Noticed a two-headed ogre
  9736 | D:9      | Killed a two-headed ogre
 10405 | D:9      | Found a staircase to the Lair.
 10418 | Lair:1   | Entered Level 1 of the Lair of Beasts
 10421 | Lair:1   | Noticed a seven-headed hydra
 10442 | Lair:1   | Killed a seven-headed hydra
 10659 | Lair:1   | Noticed a cane toad
 10663 | Lair:1   | Killed a cane toad
 10663 | Lair:1   | Reached *** piety under Vehumet
 10799 | Lair:1   | Gained mutation: You have very sharp fingernails. [demonic
                  | ancestry]
 10799 | Lair:1   | Reached XP level 11. HP: 68/73 MP: 24/24
 10886 | Lair:1   | Reached skill level 10 in Spellcasting
 11547 | Lair:1   | Reached skill level 10 in Fire Magic
 11735 | Lair:1   | Found a shimmering blue altar of Sif Muna.
 11972 | Lair:1   | Reached skill level 1 in Hexes
 12034 | Lair:1   | Found a blossoming altar of Fedhas.
 12087 | Lair:1   | Noticed an oklob plant
 12488 | Lair:2   | Reached skill level 11 in Spellcasting
 12512 | Lair:2   | Offered knowledge of Sticky Flame by Vehumet.
 12522 | Lair:2   | HP: 2/73 [wolf (7)]
 12526 | Lair:2   | Mangled by a yak

Illustrated notes

Levels and vault maps discovered:
D:1:      lemuel_arrival_funnel, layout_basic
D:2:      layout_rooms
D:3:      layout_loops_ring, trog_three_pillars_becter, fedhas_ov_isle_minmay,
          st_stairs_10, kennysheep_cluttered_room, nicolae_figureground_sparkle
D:4:      minmay_general_purpose_star, layout_loops_ring,
          minmay_misc_feat_hallway
D:5:      layout_basic, gammafunk_ghost_necromancy, uniq_sigmund, uniq_grinder
D:6:      layout_cave_pools, temple_doors_ab, kennysheep_generic_room_10
D:7:      layout_basic, serial_shops, shop, shop, shop, nicolae_lakefront_shop,
          nrook_loot_triangle, minmay_crystal_water
D:8:      cheibrodos_two_vegetables, layout_loops_corners,
          kennysheep_vampire_church, serial_shops, shop_scrolls
D:9:      minmay_polygon_palace, layout_loops_corners, lair_entry_dummy,
          orc_0_dummy
Temple:   eino_temple_rhombus
Lair:1:   layout_concentric_octagons, basic_altar, lemuel_oklob_altar,
          grunt_megastairs_5
Lair:2:   layout_roguey, kennysheep_abandoned_house, lemuel_fruit_tree

Skill      XL: |  1  2  3  4  5  6  7  8  9 10 11 |
---------------+----------------------------------+-----
Fire Magic     | 3 4 5 6 7 8 9 10 | 10.5
Stealth        | 2 |  2.9
Slings         | 1 2 3 4 |  4.5
Dodging        | 2 3 |  3.4
Spellcasting   | 3 4 5 6 8 9 11 | 11.0
Fighting       | 1 2 |  2.4
Conjurations   | 2 3 4 |  4.3
Armour         | 2 3 |  3.6
Bows           | 1 |  1.5
Hexes          | 1 |  1.1
Evocations     | |  0.5

Action                   |  1- 3 |  4- 6 |  7- 9 | 10-12 || total
-------------------------+-------+-------+-------+-------++-------
Melee: Club              |     9 |       |       |       ||     9
 Fire: Hunting sling     |    35 |    52 |    57 |     4 ||   148
       Shortbow          |       |       |       |    10 ||    10
 Cast: Foxfire           |    29 |    19 |    78 |    67 ||   193
       Scorch            |    14 |    36 |   104 |    75 ||   229
       Conjure Flame     |       |       |     4 |     1 ||     5
       Shock             |       |       |     1 |       ||     1
       Flame Wave        |       |       |       |     9 ||     9
       Sandblast         |       |       |       |     2 ||     2
       Slow              |       |       |       |     1 ||     1
       Searing Ray       |       |       |       |     1 ||     1
Evoke: Wand              |       |       |     2 |     7 ||     9
       Tin of tremorston |       |       |       |     1 ||     1
  Use: Scroll            |     5 |     2 |    10 |     5 ||    22
       Potion            |     3 |     1 |     6 |     5 ||    15
Armor: Robe              |     2 |       |     2 |       ||     4
       Acid dragon scale |       |       |     8 |    20 ||    28
Dodge: Dodged            |    11 |    15 |    61 |    63 ||   150

Table legend: (Time is in decaauts)
 A = Elapsed time spent in this place.
 B = Non-inter-level travel time spent in this place.
 C = Inter-level travel time spent in this place.
 D = Time resting spent in this place.
 E = Time spent auto-exploring this place.
 F = Levels seen in this place.
 G = Mean time per level.
                   A        B        C        D        E       F      G
               +--------+--------+--------+--------+--------+-----+--------+
         Total |  12625 |  12153 |    472 |   1524 |   7887 |  12 | 1052.1 |
       Dungeon |  10467 |  10044 |    423 |    755 |   7039 |   9 | 1163.0 |
        Temple |     36 |     21 |     15 |      0 |      2 |   1 |   36.0 |
          Lair |   2120 |   2086 |     34 |    769 |    846 |   2 | 1060.0 |
               +--------+--------+--------+--------+--------+-----+--------+

Top non-repeatable levels by time:
  Lair:1: 1902 daAuts
     D:8: 1689 daAuts
     D:5: 1516 daAuts
     D:7: 1507 daAuts
     D:3: 1123 daAuts
     D:1: 1097 daAuts
     D:4: 1007 daAuts
     D:2: 887 daAuts
     D:6: 820 daAuts
     D:9: 818 daAuts
  Lair:2: 218 daAuts
  Temple: 36 daAuts
